 Dungeon Crawl Stone Soup version 0.20.0-10-g0535bb4 (webtiles) character file.

59 Gorglomux the Ducker (level 4, -3/29 HPs)
             Began as a Halfling Air Elementalist on June 7, 2017.
             Slain by a worm (9 damage)
             ... on level 2 of the Dungeon.
             The game lasted 00:07:06 (2358 turns).

Gorglomux the Ducker (Halfling Air Elementalist)    Turns: 2358, Time: 00:07:07

Health: -3/29      AC:  2    Str:  9    XL:     4   Next: 22%
Magic:  2/6        EV: 16    Int: 13    God:
Gold:   74         SH:  0    Dex: 15    Spells: 5/6 levels left

rFire    . . .     SeeInvis .   k - +0 dagger
rCold    . . .     Gourm    .   (shield restricted)
rNeg     . . .     Faith    .   a - +0 robe
rPois    .         Spirit   .   (no helmet)
rElec    .         Reflect  .   (no cloak)
rCorr    +         Harm     .   (no gloves)
MR       .....                  (no boots)
Stlth    ++........             (no amulet)
Regen    0.1/turn               g - ring of resist corrosion
MPRegen  0.1/turn               (no ring)

@: very slightly contaminated
A: mutation resistance 1
a: no special abilities


You were on level 2 of the Dungeon.
You were not hungry.

You visited 1 branch of the dungeon, and saw 2 of its levels.

You collected 74 gold pieces.

Inventory:

Hand Weapons
 k - a +0 dagger (weapon)
Missiles
 u - 8 stones (quivered)
Armour
 a - a +0 robe (worn)
Jewellery
 g - a ring of resist corrosion (left hand)
Scrolls
 l - 2 scrolls of magic mapping {unknown}
 m - a scroll of teleportation {unknown}
 o - a scroll of fear {unknown}
 w - a scroll of immolation {unknown}
 x - a scroll of noise {unknown}
Potions
 d - a potion of invisibility {unknown}
 i - a potion of haste {unknown}
 j - a potion of lignification {unknown}
 p - 2 potions of curing {unknown}
 r - a potion of heal wounds {unknown}
 s - a potion of might {unknown}
 v - a potion of ambrosia {unknown}
Books
 b - a book of Air

   Spells                             Type                      Level
   a - Shock                          Conjuration/Air              1
   b - Swiftness                      Charms/Air                   2
   c - Static Discharge               Conjuration/Air              3
   d - Airstrike                      Air                          4
   e - Lightning Bolt                 Conjuration/Air              5


   Skills:
 + Level 2.1 Fighting
 + Level 3.5 Dodging
 - Level 2.1 Stealth
 - Level 1.5 Spellcasting
 - Level 0.7 Conjurations
 - Level 3.0 Air Magic


You had 5 spell levels left.
You knew the following spells:

 Your Spells              Type           Power        Failure   Level  Hunger
a - Shock                 Conj/Air       #...         12%         1    ##.....


Dungeon Overview and Level Annotations

Branches:
Dungeon (2/15)

Altars:


Innate Abilities, Weirdness & Mutations

You are small and have problems with some larger weapons.
You are somewhat resistant to further mutation.


Message History

Your magical contamination has completely faded away.
Casting: Shock
Confirm with . or Enter, or press ? or * to list all spells.
Aiming: Shock
Press: ? - help, Shift-Dir - straight line, f/p - worm
Aim: a worm (heavily wounded)
The zap hits the worm.
The worm is heavily wounded.
The zap hits the worm.
The worm is severely wounded.
Casting: Shock
Confirm with . or Enter, or press ? or * to list all spells.
Aiming: Shock
Press: ? - help, Shift-Dir - straight line, f/p - worm
Aim: a worm (severely wounded)
You miscast Shock.
You are very lightly contaminated with residual magic.
Your skin tingles.
The worm bites you!
You die...

............#....)..#
#.#
#############.......#
#. #.......# .....##
#.......# .......
#####.### .......
###..## .......
#.....# .......
#.....# .......
#.@)..#
.......####w....#
........w.......#
.....######......#
#.. #......# #
#.....>†. #.....####
#....... ###.###.


You could see a worm.

Vanquished Creatures
  An adder (D:1)
  An ooze (D:1)
  2 worms
  A dart slug (D:1)
  A leopard gecko (D:1)
  2 bats (D:1)
  A giant cockroach (D:1)
  5 goblins (D:1)
  5 hobgoblins
  3 jackals (D:1)
  5 kobolds
  5 frilled lizards (D:1)
  4 rats
36 creatures vanquished.

Notes
Turn   | Place    | Note
-------+----------+-------------------------------------------
     0 | D:1      | Gorglomux the Halfling Air Elementalist began the quest for the Orb.
     0 | D:1      | Reached XP level 1. HP: 11/11 MP: 3/3
   115 | D:1      | Reached XP level 2. HP: 18/18 MP: 0/4
   136 | D:1      | Reached skill level 1 in Fighting
   492 | D:1      | Reached skill level 3 in Dodging
   713 | D:1      | Reached XP level 3. HP: 19/23 MP: 2/5
  1620 | D:1      | Reached XP level 4. HP: 15/29 MP: 1/6
  2358 | D:2      | Slain by a worm

Skill      XL: |  1  2  3  4 |
---------------+-------------+-----
Fighting       | 1 2 |  2.1
Dodging        | 3 |  3.5
Stealth        | |  2.1
Spellcasting   | |  1.5
Conjurations   | |  0.7
Air Magic      | |  3.0

Action                   |  1- 3 |  4- 6 || total
-------------------------+-------+-------++-------
Melee: Unarmed           |    40 |       ||    40
       Dagger            |    40 |    40 ||    80
Throw: Stone             |     1 |       ||     1
 Cast: Shock             |    68 |    15 ||    83
 Stab: Sleeping          |       |     1 ||     1
  Eat: Chunk             |     4 |     1 ||     5
       Bread ration      |       |     1 ||     1
Armor: Robe              |    17 |     3 ||    20
Dodge: Dodged            |   102 |    20 ||   122
